 Dungeon Sprint DCSS version 0.30.1-9-gdf580d7c3d (webtiles) character file.

Game seed: 12470089398291624981

800000 Heoruswealwe the Shield-Bearer (level 1, -44/19 HPs)
             Began as a Minotaur Fighter on Sept 27, 2023.
             Annihilated by a meat berserker
             ... wielding a +9 battleaxe
              (63 damage)
             ... in the Dungeon (Sprint VIII: "Arena of Blood").
             The game lasted 00:00:29 (8 turns).

Heoruswealwe the Shield-Bearer (Minotaur Fighter)      Turns: 8, Time: 00:00:30

Health: -44/19     AC:  6    Str: 20    XL:     1   Next: 0%
Magic:  0/0        EV:  9    Int:  5    God:
Gold:   0          SH:  0    Dex:  9    Spells: 0/0 levels left

rFire   . . .        k - +∞ Axe of Woe
rCold   . . .        (shield currently unavailable)
rNeg    . . .        b - +0 scale mail
rPois   .            (helmet restricted)
rElec   .            (no cloak)
rCorr   .            (no gloves)
SInv    .            (no boots)
Will    .....        (no amulet) Stlth
                     (no ring)
HPRegen 0.23/turn    (no ring)
MPRegen 0.07/turn

%: no teleportation
@: no status effects
A: horns 2, retaliatory headbutt
a: no special abilities


You were in the Dungeon.
You visited 1 branch

Inventory:

Hand Weapons
 a - a +0 war axe
 k - the +∞ Axe of Woe (weapon)
   (You found it in the Dungeon)
Armour
 b - a +0 scale mail (worn)
 c - a +0 buckler
Scrolls
 j - a scroll of blinking
Potions
 d - a potion of might
 e - a potion of curing
 f - a potion of heal wounds
 g - a potion of haste
 h - 2 potions of magic
 i - a potion of berserk rage


   Skills:
 + Level 3.6 Fighting
 + Level 2.4 Axes
 + Level 3.6 Armour
 + Level 3.6 Shields


You couldn't memorise any spells.
You didn't know any spells.
Your spell library was empty.

Dungeon Overview and Level Annotations

Branches:
Dungeon (1/1)

Altars:
Makhleb


Innate Abilities, Weirdness & Mutations

You have a pair of horns on your head.
You reflexively headbutt those who attack you in melee.


Message History

------------------------------------------------------------------------------ ------------------------------------------------------------------------------ -- -- -- The Arena Of Blood -- -- -- -- -- -- -- -- You descend into the pit of gibs and meat, -- -- The sunken abyss of the depraved, -- -- The mill of turgid gutspawn. -- -- The writhen instruments serve in adoration, -- -- Immured beneath a rotten throne. -- -- -- -- Before you lies the servitor of chaos, -- -- The cleaver, -- -- The blasphemer, -- -- The destroyer, -- -- The Axe of Woe. -- -- -- -- Vessel of Makhleb, -- -- You are the unmaker, -- -- You bring the rapture, -- -- The murmurs of the thralls rise... -- -- The theatre of blood begins. -- -- -- ------------------------------------------------------------------------------ ------------------------------------------------------------------------------ Welcome, Heoruswealwe the Minotaur Fighter.
Press ? for a list of commands and other information.
Found the +∞ Axe of Woe.
Found four burning altars of Makhleb.
Found a staircase leading out of the dungeon.
k - the +∞ Axe of Woe You hear a shout! x8
Keep disrobing?
You start removing your armour.
You continue taking off your +0 buckler.
The bag of meat shouts!
You hear a shout! x9
You continue taking off your +0 buckler.
The bag of meat shouts!
You hear a shout! x5
You continue taking off your +0 buckler.
The bag of meat shouts! x2; You hear a shout! x10
You continue taking off your +0 buckler.
The meat berserker shouts!
You hear a shout! x8
You finish taking off your +0 buckler.
k - the +∞ Axe of Woe (weapon)
The bag of meat shouts!
You hear a shout! x4
A bag of meat comes into view. It is wielding a +9 war axe.
You hear a shout! x7
A meat berserker comes into view. It is wielding a +9 battleaxe.
You slice the meat berserker!!
You hew the meat berserker savagely.
You kill the meat berserker!
The bag of meat appears out of thin air!
A bag of meat comes into view. It is wielding a +9 war axe.
You hear a shout! x8
A bag of meat comes into view. It is wielding a +9 war axe.
You hear a shout! x3
The bag of meat hits you but does no damage.
The meat berserker hits you with a +9 battleaxe!!!
Ouch! That really hurt!
You die...

.. ... #. ..#
#.. ..# .
.###.. ..###..
......###....o.
......_o....
#..oo.# #_.o@_#
#..Ooo#
....o._.....
......###....o.
.###.. ..###..
#.. ..# . #.
..# .. ...


You could see a meat berserker (berserk) and 9 bags of meat.

Vanquished Creatures
  An ogre (D)
1 creature vanquished.

Notes
Turn   | Place    | Note
-------+----------+-------------------------------------------
     0 | D        | Found the +∞ Axe of Woe
     0 | D        | Heoruswealwe the Minotaur Fighter began the quest for the
                  | Orb.
     0 | D        | Reached XP level 1. HP: 19/19 MP: 0/0
     1 | D        | Noticed a bag of meat
     2 | D        | Noticed a bag of meat
     2 | D        | Noticed a bag of meat
     3 | D        | Noticed a bag of meat
     3 | D        | Noticed a bag of meat
     3 | D        | Noticed a bag of meat
     5 | D        | Noticed a meat berserker
     5 | D        | Noticed a bag of meat
     7 | D        | Noticed a bag of meat
     7 | D        | Noticed a meat berserker
     8 | D        | Killed a meat berserker
     8 | D        | Noticed a bag of meat
     8 | D        | Annihilated by a meat berserker

Illustrated notes

Levels and vault maps discovered:
D:        meatsprint

Action                     || total
---------------------------++-------
  Melee: Executioner's axe ||     1
 Armour: Scale mail        ||     1
